 Dungeon Crawl Stone Soup version bcrawl-1.21.3 (webtiles) character file.

Game seed: 16248812689256432047

20900 Flugslaktarn the Severer (level 12, -3/80 HPs)
             Began as a Skeleton Archaeologist on Mar 28, 2020.
             Was an Initiate of Gozag.
             Slain by Snorg (13 damage)
             ... on level 3 of the Lair of Beasts.
             The game lasted 00:09:25 (12055 turns).

Flugslaktarn the Severer (Skeleton Archaeologist)  Turns: 12055, Time: 00:09:25

Health: -3/80      AC: 23    Str: 34    XL:     12   Next: 49%
Magic:  0/21       EV: 16    Int: 13    God:    Gozag
Gold:   243        SH:  0    Dex: 12    Spells: 11/11 levels left

rFire    + . .     SeeInvis .   B - +2 executioner's axe (flame)
rCold    . . .     Gourm    .   (shield currently unavailable)
rNeg     + + +     Faith    .   A - +0 plate armour
rPois    ∞         Spirit   +   c - +1 hat
rElec    +         Reflect  .   w - +0 cloak
rCorr    .         Harm     .   h - +1 pair of gloves {archery}
MR       +....                  s - +4 pair of boots of the Blind Marksman {Str+6}
Stlth    +.........             e - amulet of magic regeneration
HPRegen  4.23/turn              C - ring of Zin's Regard {rElec rC- MP+9 AC-2 Slay+5} (curse)
MPRegen  0.42/turn              f - ring of protection from fire

@: mighty, agile, gold aura
A: no food or potions, cold resistance 1, deterioration 1, negative energy
resistance 3, powered by death 1, torment resistance, unbreathing, magic shield,
sturdy frame 2, spell healing
a: Potion Petition, Call Merchant, Bribe Branch, Renounce Religion


You were on level 3 of the Lair of Beasts.
You worshipped Gozag.
Gozag was aware of your devotion.
You were not hungry.

You visited 3 branches of the dungeon, and saw 13 of its levels.
You also visited: Volcano.

You collected 2164 gold pieces.
You spent 1048 gold pieces at shops.
You paid 873 gold pieces to Gozag.

Inventory:

Hand Weapons
 a - a +0 whip
 b - a +2 demon trident of venom
   (You acquired it on level 3 of the Dungeon)
 k - a +1 war axe of freezing
   (You took it off a wight on level 8 of the Dungeon)
 l - a +2 hand axe of electrocution
   (You took it off an orc on level 3 of the Dungeon)
 v - a +0 vampiric hand axe
   (You found it on level 6 of the Dungeon)
 B - a +2 executioner's axe of flaming (weapon)
   (You found it in a volcano)
Missiles
 i - 2 throwing nets (quivered) {!f}
Armour
 c - a +1 hat (worn)
 h - a +1 pair of gloves of archery (worn)
   (You bought it in a shop on level 5 of the Dungeon)
 s - the +4 pair of boots of the Blind Marksman (worn) {Str+6}
   (You found it on level 5 of the Dungeon)

   It affects your strength (+6).
 w - a +0 cloak (worn)
   (You found it on level 8 of the Dungeon)
 y - a +0 chain mail
   (You found it on level 8 of the Dungeon)
 z - a +0 medium shield
   (You bought it in a shop on level 5 of the Dungeon)
 A - a +0 plate armour (worn)
   (You bought it in a shop on level 5 of the Dungeon)
Jewellery
 e - an amulet of magic regeneration (around neck)
   (You took it off an orc on level 3 of the Dungeon)
 f - a ring of protection from fire (right hand)
   (You found it on level 8 of the Dungeon)
 o - a +3 ring of dexterity
   (You found it on level 4 of the Dungeon)
 C - the cursed ring of Zin's Regard (left hand) {rElec rC- MP+9 AC-2 Slay+5}
   (You bought it in a shop on level 5 of the Dungeon)

   [ring of protection]

   It affects your AC (-2).
   It affects your accuracy and damage with ranged weapons and melee attacks
   (+5).
   It makes you vulnerable to cold.
   It insulates you from electricity.
   It affects your magic capacity (+9).
   It has a curse placed upon it.
 D - an uncursed amulet of rage {unknown}
   (You found it on level 2 of the Lair of Beasts)
 E - a cursed ring of attention {unknown}
   (You found it on level 2 of the Lair of Beasts)
Wands
 d - a wand of iceblast (18)
   (You found it on level 1 of the Lair of Beasts)
 u - a wand of enslavement (19)
   (You found it on level 6 of the Dungeon)
 F - a wand of clouds (4)
   (You found it on level 2 of the Lair of Beasts)
Scrolls
 g - 5 scrolls of enchant armour
 j - 5 scrolls of enchant weapon
 m - a scroll of magic mapping
 n - 3 scrolls of immolation
 q - 2 scrolls of amnesia
 r - 9 scrolls of identify
 t - 3 scrolls of teleportation
 x - 10 scrolls of remove curse
Miscellaneous
 p - a phial of floods
   (You found it on level 4 of the Dungeon)


   Skills:
 * Level 11.6 Fighting
 * Level 15.1 Axes
 - Level 1.2(10.2) Maces & Flails
 + Level 11.5 Armour
 - Level 3.0 Dodging
 - Level 3.6 Stealth
 - Level 3.7 Shields


You had 11 spell levels left.
You didn't know any spells.
Your spell library was empty.

Dungeon Overview and Level Annotations

Branches:
Dungeon (9/12)             Temple (1/1) D:5            Lair (3/6) D:7
 Shoals (0/3) Lair:2
  Snake: Lair:2-4    Spider: Lair:2-4       Orc: D:8-11

Altars:
Ashenzari
Cheibriados
Dithmenos
Elyvilon
Fedhas
Gozag
Hepliaklqana
Kikubaaqudgha
Lugonu
Makhleb
Nemelex Xobeh
Okawaru
Ru
Sif Muna
Trog
Uskayaw
Vehumet
Wu Jian
Xom
Yredelemnul
Zin
The Shining One

Shops:
D:5 ![=   D:7 %

Annotations:
D:4 4 runed doors
D:5 2 runed translucent doors, dscm's ghost, novice OpAc
Lair:3 Snorg


Innate Abilities, Weirdness & Mutations

You do not eat or drink.
You are immune to poison.
Your flesh is cold resistant. (rC+)
Your body sometimes deteriorates upon taking damage.
You are immune to negative energy. (rN+++)
You regenerate a little health from kills.
You are immune to unholy pain and torment.
You can survive without breathing.
When hurt, damage is shared between your health and your magic reserves.
Your movements are less encumbered by armour. (ER -4)
Casting spells heals you.


Message History

The black mamba barely misses you. Snorg bites you.
* * * LOW HITPOINT WARNING * * *
Snorg claws you but does no damage.
Snorg barely misses you. [a] - 322 gold - resistance and agility [b] - 200 gold - might and agility [c] - 567 gold - heal wounds, curing, haste and flight Purchase which effect?
You no longer have enough gold to petition Gozag for potion effects.
You feel very mighty all of a sudden.
You feel agile all of a sudden.
The black mamba bites you but does no damage.
Snorg bites you!!
* * * LOW HITPOINT WARNING * * *
Snorg completely misses you. Snorg claws you but does no damage.
The black mamba barely misses you.
Unknown command.
You closely miss the black mamba.
The black mamba is lightly wounded.
You slice Snorg!! You burn Snorg. Snorg barely misses you. Snorg claws you!
You die...
Your body crumbles into a pile of gold.

>...... ....
..$.... ...
....... #..#
......P #...####
.......##....#.#
......#...<.....
......$ST.......
......$@....#
......##$#..#
........#...#
....>.####..##
..... #...# #.
##.# #..P##...
###.. #..^.....
#...# #........
. ###P..#
#........


You could see Snorg (berserk) and a black mamba.

Vanquished Creatures
  A stone giant (Volcano)
  A hydra (Lair:1)
  Erica (D:8)
  Pikel (D:7)
  5 elephants (Lair:2)
  A manticore (Lair:2)
  A centaur zombie (D:8)
  2 black mambas
  2 cane toads (Lair:2)
  3 komodo dragons (Lair:2)
  A kobold demonologist (D:8)
  2 rime drakes
  A hornet (Lair:2)
  A blink frog (Lair:2)
  7 hippogriffs
  Sigmund (D:3)
  8 spriggans (Lair:2)
  19 yaks
  4 hogs (D:7)
  A human (D:7)
  A hog (shapeshifter) (D:8)
  3 hungry ghosts
  Menkaure (D:6)
  7 water moccasins
  2 crocodiles (Lair:2)
  14 porcupines
  4 ice beasts
  2 phantoms
  2 sky beasts
  A black bear (D:7)
  An ogre (D:5)
  A wolf (Lair:2)
  A centaur (D:5)
  10 bullfrogs
  2 big kobolds
  5 scorpions
  A water moccasin skeleton (D:4)
  2 howler monkeys
  4 wights (D:8)
  2 crimson imps
  A bullfrog skeleton (D:8)
  A quasit (D:8)
  3 hounds
  A centaur skeleton (D:4)
  6 orc priests
  A gnoll shaman (D:6)
  4 orc wizards
  An iguana (D:7)
  Jessica (D:3)
  Ijyb (D:2)
  4 worker ants
  A hound skeleton (D:6)
  A hound zombie (D:6)
  A worker ant zombie (D:8)
  8 adders
  12 gnolls
  A howler monkey skeleton (D:7)
  6 shadow imps
  2 oozes
  An adder skeleton (D:4)
  An adder zombie (D:4)
  A dart slug (D:2)
  8 leopard geckos
  27 orcs
  9 bats
  9 giant cockroaches
  11 goblins
  7 hobgoblins
  16 jackals
  16 kobolds
  5 quokkas
  A ball python (D:3)
  6 frilled lizards
  10 rats
  A spectral orc (D:3)
  8 fungi
  A plant (D:7)
323 creatures vanquished.

Vanquished Creatures (others)
  A sky beast (D:7)
  A slave (D:7)
  A gnoll (D:7)
  An adder (D:7)
  2 kobolds (D:7)
  10 fungi
  A plant (D:7)
17 creatures vanquished.

Grand Total: 340 creatures vanquished

Notes
Turn   | Place    | Note
-------+----------+-------------------------------------------
     0 | D:1      | Flugslaktarn the Skeleton Archaeologist began the quest for
                  | the Orb.
     0 | D:1      | Reached XP level 1. HP: 12/12 MP: 1/1
   214 | D:1      | Reached skill level 1 in Armour
   220 | D:1      | Reached XP level 2. HP: 9/16 MP: 2/2
  1284 | D:1      | Reached XP level 3. HP: 19/21 MP: 3/3
  1666 | D:2      | Found a corrupted altar of Lugonu.
  2056 | D:2      | Found a faded altar of an unknown god.
  2348 | D:2      | Reached XP level 4. HP: 27/27 MP: 4/4
  2651 | D:3      | Noticed Ijyb
  3166 | D:2      | Killed Ijyb
  3341 | D:2      | HP: 1/28 [gnoll/+0 flail (3)]
  3663 | D:3      | Reached XP level 5. HP: 19/32 MP: 1/5
  3663 | D:3      | Identified a scroll of acquirement
  3667 | D:3      | Identified the +0 hat of Sunlight {+Inv Slay+2} (You
                  | acquired it on level 3 of the Dungeon)
  3832 | D:3      | Noticed Jessica
  3847 | D:3      | Killed Jessica
  3924 | D:3      | Noticed Sigmund
  3932 | D:3      | Killed Sigmund
  3932 | D:3      | Reached skill level 5 in Armour
  3932 | D:3      | Gained mutation: You regenerate a little health from kills.
                  | [Skeleton growth]
  3932 | D:3      | Reached XP level 6. HP: 39/39 MP: 4/6
  4152 | D:3      | Reached skill level 5 in Fighting
  4390 | D:3      | Found a basalt altar of Yredelemnul.
  4483 | D:4      | Found a large runed door.
  4485 | D:4      | Found a large runed door.
  4494 | D:4      | Found a large runed door.
  4494 | D:4      | Found a large runed door.
  4643 | D:4      | Reached XP level 7. HP: 44/44 MP: 7/7
  4647 | D:4      | Reached skill level 1 in Axes
  4762 | D:4      | Reached skill level 2 in Axes
  5319 | D:5      | Entered Level 5 of the Dungeon
  5323 | D:5      | Reached skill level 3 in Axes
  5351 | D:5      | Reached skill level 4 in Axes
  5497 | D:5      | Found Ugoeny's Armour Shop.
  5510 | D:5      | Bought a +1 pair of gloves of archery for 198 gold pieces
  5534 | D:5      | Reached XP level 8. HP: 37/51 MP: 5/8
  5539 | D:5      | Reached skill level 5 in Axes
  5651 | D:5      | Found a staircase to the Ecumenical Temple.
  5689 | Temple   | Entered the Ecumenical Temple
  5960 | D:5      | Found a runed translucent door.
  5972 | D:5      | Noticed dscm's ghost (novice OpAc)
  5992 | D:5      | Found Yllijidi's Jewellery Boutique.
  6014 | D:5      | Found a runed translucent door.
  6205 | D:5      | Found a white marble altar of Elyvilon.
  6284 | D:5      | Reached skill level 6 in Axes
  6299 | D:5      | Found Piantino's Distillery.
  6317 | D:5      | Found a shimmering altar of Xom.
  6320 | D:5      | Got a pair of smoking boots
  6323 | D:5      | Found an ornate altar of the Wu Jian Council.
  6323 | D:5      | Found a burning altar of Makhleb.
  6327 | D:5      | Found a bloodstained altar of Trog.
  6328 | D:5      | Found a blossoming altar of Fedhas.
  6481 | D:6      | Noticed a hippogriff
  6492 | D:6      | Killed a hippogriff
  6522 | D:6      | Found a sparkling altar of Nemelex Xobeh.
  6523 | D:6      | Found an opulent altar of Gozag.
  6535 | D:6      | Became a worshipper of Gozag Ym Sagoz the Greedy
  6649 | D:6      | Reached skill level 7 in Axes
  6732 | D:6      | Reached XP level 9. HP: 57/57 MP: 9/9
  6781 | D:6      | Reached skill level 8 in Axes
  6813 | D:6      | Found a sacrificial altar of Ru.
  6917 | D:6      | Noticed Menkaure
  6923 | D:6      | Killed Menkaure
  6943 | D:6      | Found a hazy altar of Hepliaklqana.
  7227 | D:7      | Identified the +4 pair of boots of the Blind Marksman
                  | {Str+6} (You found it on level 5 of the Dungeon)
  7304 | D:7      | Found a staircase to the Lair.
  7311 | D:7      | Reached skill level 9 in Axes
  7550 | D:7      | Noticed Pikel
  7561 | D:7      | Reached skill level 10 in Axes
  7567 | D:7      | Killed Pikel
  7567 | D:7      | Gained mutation: Your movements are less encumbered by
                  | armour. (ER -4) [Skeleton growth]
  7567 | D:7      | Reached XP level 10. HP: 59/64 MP: 7/10
  7795 | D:7      | Reached skill level 11 in Axes
  7911 | D:7      | Found Nin Zyul's Food Boutique.
  8061 | D:8      | Noticed Erica
  8086 | D:8      | Killed Erica
  8307 | D:8      | Reached skill level 12 in Axes
  8389 | D:8      | Found a shadowy altar of Dithmenos.
  8604 | D:8      | Noticed a rust devil
  8605 | D:8      | Noticed a smoke demon
  8945 | D:5      | Bought a +0 medium shield for 54 gold pieces
  8945 | D:5      | Bought a +0 plate armour for 276 gold pieces
  9066 | Lair:1   | Entered Level 1 of the Lair of Beasts
  9075 | Lair:1   | Reached skill level 10 in Armour
  9131 | Lair:1   | Noticed a seven-headed hydra
  9147 | Lair:1   | Killed a 13-headed hydra
  9147 | Lair:1   | Reached skill level 1 in Shields
  9147 | Lair:1   | Reached XP level 11. HP: 22/71 MP: 6/11
  9775 | Lair:1   | Reached skill level 13 in Axes
 10156 | Lair:2   | Found a dark tunnel.
 10162 | Volcano  | Entered a volcano
 10182 | Volcano  | Noticed a stone giant
 10201 | Volcano  | Killed a stone giant
 10335 | D:5      | Bought the cursed ring of Zin's Regard {rElec rC- MP+9 AC-2
                  | Slay+5} for 520 gold pieces
 10618 | Lair:2   | Reached skill level 10 in Fighting
 10619 | Lair:2   | Found a staircase to the Shoals.
 10910 | Lair:2   | Reached skill level 14 in Axes
 11354 | Lair:2   | Reached XP level 12. HP: 74/79 MP: 12/12
 12041 | Lair:3   | Noticed Snorg
 12048 | Lair:3   | Reached skill level 15 in Axes
 12055 | Lair:3   | Slain by Snorg

Skill      XL: |  1  2  3  4  5  6  7  8  9 10 11 12 |
---------------+-------------------------------------+-----
Armour         | 1 2 3 5 6 7 8 10 11 | 11.5
Fighting       | 2 3 4 5 7 8 9 10 11 | 11.6
Axes           | 4 7 10 12 14 15 | 15.1
Shields        | 1 3 |  3.7
Maces & Flails | |  1.2
Dodging        | |  3.0
Stealth        | |  3.6

Action                   |  1- 3 |  4- 6 |  7- 9 | 10-12 || total
-------------------------+-------+-------+-------+-------++-------
Melee: Whip              |   262 |   150 |       |       ||   412
       Demon trident     |       |    74 |       |     1 ||    75
       Hand axe          |       |     8 |   272 |   196 ||   476
       War axe           |       |       |       |    90 ||    90
       Executioner's axe |       |       |       |   155 ||   155
Invok: Potion Petition   |       |       |       |     4 ||     4
  Use: Scroll            |       |     1 |     7 |       ||     8
 Stab: Sleeping          |     4 |     1 |       |       ||     5
       Distracted        |       |       |       |     1 ||     1
Armor: Robe              |    98 |       |       |       ||    98
       Scale mail        |    18 |   100 |   150 |    39 ||   307
       Plate armour      |       |       |       |   211 ||   211
       Chain mail        |       |       |       |    27 ||    27
Dodge: Dodged            |   201 |   115 |   175 |   205 ||   696
Block: Medium shield     |       |       |       |    46 ||    46
